Match 47389080
Unlisted

Match 47389080
End
Panzergrenadier Squad
250 Light Carrier
Panzergrenadier Squad
Construct Light Support Kompanie
MG34 Team
Fire Support Elements
Combat Half-tracks
Flakvierling Half-track
Vehicle Survival Package
2.5-tonne Medical Truck
Panzerjäger Mechanized Group
Panzergrenadier Squad
Construct Panzerarmee Kommand
Selects Italian Infantry
Selects Guastatori Squad
Selects Registered Artillery
Selects Defensive Operations
Panzer III L Medium Tank
Selects Prepared Positions
Pak 38 Mechanized Group
Emergency Repair Kits
Panzer III L Medium Tank
Walking Stuka Rocket Launcher
Armored Reserves
Flakvierling Half-track
Tungsten Core Ammunition
Selects Obice 305mm Barrage
Obice 305mm Barrage
Rapid Advance
Panzer IV Assault Group
Selects Towed Cannone da 105/28 Field Howitzer
Advanced Optics
Obice 305mm Barrage
Tiger Heavy Tank
Walking Stuka Rocket Launcher
schneejonny
TheHeggattack
Shingles
Gunshy
0
0

Comments sign in to comment!

No comments posted yet!